 Dungeon Crawl Stone Soup version 0.30.0-13-g156ef70053 (webtiles) character file.

Game seed: 2471496164847763337

8302 jasper the Nimble (level 11, -1/148 HPs)
             Began as a Meteoran Conjurer on May 17, 2023.
             Was an Elder of Vehumet.
             Slain by a troll (3 damage)
             ... led by an orc knight
             ... on level 1 of the Orcish Mines.
             The game lasted 00:12:12 (3865 turns).

jasper the Nimble (Meteoran Conjurer)               Turns: 3865, Time: 00:12:13

Health: -1/148     AC: 25    Str:  9    XL:     11   Next: 82%
Magic:  5/24       EV:  2    Int: 23    God:    Vehumet [****..]
Gold:   395        SH:  5    Dex: 14    Spells: 15/26 levels left

rFire   . . .        (no weapon)
rCold   . . .        b - +0 buckler
rNeg    . . .        a - melded +0 robe
rPois   +            (helmet currently unavailable)
rElec   .            r - melded scarf {rC+ rF+}
rCorr   .            (gloves currently unavailable)
SInv    .            h - melded +0 pair of boots
Will    +....        g - amulet of the acrobat
Stlth   +            C - ring of flight
HPRegen 0.44/turn    (no ring)
MPRegen 0.19/turn

%: acrobat
@: tree-form, glowing
A: stationary, stasis, torment immunity, boosted hp, sense surroundings 2,
otherworldly, glowing, explore regen
a: Renounce Religion


You were on level 1 of the Orcish Mines.
You worshipped Vehumet.
Vehumet was greatly pleased with you.
You were a tree.
You visited 3 branches of the dungeon, and saw 12 of its levels.
You also visited: Bailey.

You collected 395 gold pieces.

Inventory:

Hand Weapons
 u - a +0 war axe
 z - a +7 trident of holy wrath
Armour
 a - a +0 robe (melded)
 b - a +0 buckler (worn)
 h - a +0 pair of boots (melded)
 r - a scarf of resistance (melded)
 B - an orb of wrath
 E - +2 ice dragon scales
Magical Staves
 y - a staff of cold
 D - a staff of poison
Jewellery
 g - an amulet of the acrobat (around neck)
 x - the amulet of Elemental Vulnerability {rPois rF-- rC-- AC+8}
   (You found it on level 5 of the Dungeon)

   [amulet of nothing]

   AC:        It affects your AC (+8).
   rF:        It makes you very vulnerable to fire.
   rC:        It makes you very vulnerable to cold.
   rPois:     It protects you from poison.
 C - a ring of flight (left branch)
Wands
 s - a wand of mindburst (18)
 t - a wand of flame (18)
Scrolls
 c - 2 scrolls of immolation
 d - 3 scrolls of fog
 p - 2 scrolls of enchant weapon
 A - a scroll of fear
 F - 3 scrolls of identify
Potions
 e - a potion of lignification
 f - a potion of curing
 i - a potion of cancellation
 j - 2 potions of haste
 k - 5 potions of heal wounds {unknown}
 l - 4 potions of flight {unknown}
 m - a potion of experience {unknown}
 n - a potion of ambrosia {unknown}
 o - a potion of degeneration {unknown}
 q - 2 potions of might {unknown}
 v - 2 potions of resistance
 w - a potion of mutation {unknown}


   Skills:
 + Level 9.7 Fighting
 + Level 11.0 Dodging
 - Level 1.4 Stealth
 - Level 5.5 Shields
 - Level 8.0 Spellcasting
 - Level 9.0 Conjurations
 - Level 5.4 Hexes
 - Level 4.0 Translocations


You had 15 spell levels left.
You knew the following spells:

 Your Spells              Type           Power      Damage    Failure   Level
a - Magic Dart            Conj           100%       1d8       1%          1
b - Searing Ray           Conj           100%       2d8       1%          2
c - Fulminant Prism       Conj/Hex       21%        3d12      1%          4
d - Iskenderun's Mystic   Conj/Tloc      39%        2d9       1%          4

Your spell library contained the following spells:

 Spells                   Type           Power      Damage    Failure   Level
 Ignite Poison            Fire/Tmut/Pois 9%         N/A       8%          3
 Dazzling Flash           Conj/Hex       84%        N/A       1%          3
 Portal Projectile        Hex/Tloc       62%        N/A       4%          3
 Call Canine Familiar     Summ           9%         N/A       28%         3
 Leda's Liquefaction      Hex/Erth       10%        N/A       30%         4


Dungeon Overview and Level Annotations

Branches:
Dungeon (10/15) Zot: 2448  Temple (1/1) D:5 Zot: 589     Orc (1/2) D:10 Zot: 560
 Bailey (visited)
   Lair: D:8-11

Altars:
Ashenzari
Cheibriados
Kikubaaqudgha
Nemelex Xobeh
Qazlal
Ru
Uskayaw
Vehumet
Xom
The Shining One


Innate Abilities, Weirdness & Mutations

You are a tree.
Your roots penetrate the ground, keeping you stationary.
You cannot be teleported.
You are immune to unholy pain and torment.
Your maximum health is greatly increased.
Your equipment is partially melded.
You passively map the area around you.
You are easily found by Zot.
You glow in the dark.
You regain HP and MP as you explore.


Message History

Aim: a troll (moderately wounded, chance to affect: 64%)
The troll struggles to resist.
The troll bites you. The troll claws you.
* * * LOW HITPOINT WARNING * * *
The troll barely misses you.
You take 7 damage, and have 26/99 hp.
The troll completely misses you. x3
You regained 2 hp, and now have 28/99 hp.
You regained 2 mp, and now have 4/24 mp.
Really quaff the potion of lignification?
You turn into a tree.
Your scarf of resistance melds into your body.
Your +0 pair of boots melds into your body.
Your +0 robe melds into your body.
You feel hot and cold all over.
Your roots penetrate the ground.
The troll bites you!
* * * LOW HITPOINT WARNING * * *
The troll claws you but does no damage. You block the troll's attack.
You now have 31/148 hp.
Your +7 trident of holy wrath stops glowing.
You are now empty-handed.
The troll bites you.
* * * LOW HITPOINT WARNING * * *
The troll claws you but does no damage. x2
You take 1 damage, and have 30/148 hp.
You barely miss the troll.
The troll is moderately wounded.
The ogre hits you with a +0 giant spiked club!!
* * * LOW HITPOINT WARNING * * *
The troll bites you.
* * * LOW HITPOINT WARNING * * *
The troll claws you but does no damage. x2
You take 27 damage, and have 3/148 hp.
You hit the ogre.
The ogre is almost dead.
The ogre hits you but does no damage. The troll bites you.
* * * LOW HITPOINT WARNING * * *
The troll claws you but does no damage. x2
You take 1 damage, and have 2/148 hp.
You hit the ogre.
The ogre is almost dead.
The troll bites you but does no damage. The troll claws you.
You die...

### ###### ########..#
##.#..###.#.##.§...
#.............$...#
##.T)).......o<..#.
**##.♣#))...........O.
*#.#...O)......)..#....
*......#.)....)..o)^.## *
#.........)).)).#......
,..............).........
......#..#..#...........
..........#)............
#..............#...>....
,...................#..


You could see a troll and an ogre.

Vanquished Creatures
  A two-headed ogre (Bailey)
  An orc knight (Orc:1)
  An orc sorcerer (D:10)
  A kobold demonologist (D:9)
  A troll (D:10)
  A shadow (D:10)
  4 spriggans (Bailey)
  4 yaks (D:9)
  Eustachio (D:4)
  3 steam dragons
  Menkaure (D:7)
  An acid dragon (D:8)
  A water moccasin (D:7)
  2 sky beasts (D:7)
  3 black bears
  7 orc warriors
  5 ogres
  5 centaurs
  A phantom (D:10)
  2 bullfrogs
  2 scorpions (D:5)
  A gnoll sergeant (D:6)
  4 wights (D:10)
  A troll zombie (D:10)
  16 killer bees
  An electric eel (D:9)
  7 orc priests
  4 jellies
  A sleepcap (D:5)
  2 iguanas
  9 orc wizards
  7 ogre zombies (D:10)
  4 adders
  5 gnolls (D:6)
  3 shadow imps
  3 white imps (D:7)
  6 ufetubi (D:7)
  A worm (D:2)
  A dart slug (D:2)
  29 orcs
  3 ball pythons (D:1)
  7 bats
  9 endoplasms
  A giant cockroach (D:2)
  8 goblins
  5 hobgoblins
  6 jackals
  6 kobolds
  7 quokkas
  2 frilled lizards (D:2)
  2 goblin skeletons (D:10)
  2 goblin zombies (D:10)
  3 hobgoblin skeletons (D:10)
  3 hobgoblin zombies (D:10)
  2 orc skeletons (D:10)
  13 orc zombies (D:10)
  5 rats
237 creatures vanquished.

Vanquished Creatures (others)
  16 fulminant prisms
16 creatures vanquished.

Grand Total: 253 creatures vanquished

Notes
Turn   | Place    | Note
-------+----------+-------------------------------------------
     0 | D:1      | jasper the Meteoran Conjurer began the quest for the Orb.
     0 | D:1      | Reached XP level 1. HP: 14/14 MP: 5/5
    84 | D:1      | Reached skill level 5 in Conjurations
   112 | D:1      | Reached XP level 2. HP: 20/20 MP: 5/7
   189 | D:1      | Reached XP level 3. HP: 26/26 MP: 2/8
   192 | D:1      | Learned a level 2 spell: Searing Ray
   465 | D:2      | Found a stormy altar of Qazlal.
   587 | D:2      | Reached XP level 4. HP: 33/33 MP: 3/10
   592 | D:2      | Learned a level 4 spell: Fulminant Prism
   787 | D:3      | Found a faded altar of an unknown god.
   969 | D:3      | Reached skill level 1 in Hexes
  1101 | D:4      | Learned a level 4 spell: Iskenderun's Mystic Blast
  1123 | D:4      | Reached XP level 5. HP: 38/38 MP: 10/12
  1345 | D:4      | Noticed Eustachio
  1364 | D:4      | Killed Eustachio
  1365 | D:4      | Reached skill level 5 in Spellcasting
  1365 | D:4      | Reached XP level 6. HP: 20/45 MP: 8/14
  1485 | D:5      | Entered Level 5 of the Dungeon
  1527 | D:5      | Found the amulet of Elemental Vulnerability {rPois rF--
                  | rC-- AC+8}
  1581 | D:5      | Reached skill level 1 in Shields
  1581 | D:5      | Reached XP level 7. HP: 50/50 MP: 7/16
  1647 | D:5      | Found a staircase to the Ecumenical Temple.
  1670 | Temple   | Entered the Ecumenical Temple
  1675 | Temple   | Became a worshipper of Vehumet
  1817 | D:6      | Reached XP level 8. HP: 42/57 MP: 10/17
  1897 | D:6      | Reached skill level 5 in Hexes
  1981 | D:7      | Reached * piety under Vehumet
  1981 | D:7      | Offered knowledge of Sandblast by Vehumet.
  2107 | D:7      | Noticed Menkaure
  2115 | D:7      | Killed Menkaure
  2116 | D:7      | Reached skill level 1 in Translocations
  2116 | D:7      | Gained mutation: You passively map the area around you.
                  | [Meteoran growth]
  2116 | D:7      | Reached XP level 9. HP: 33/62 MP: 13/20
  2217 | D:7      | Reached skill level 5 in Shields
  2387 | D:7      | Reached skill level 1 in Fighting
  2533 | D:7      | Reached skill level 3 in Dodging
  2535 | D:7      | Reached ** piety under Vehumet
  2537 | D:7      | Reached XP level 10. HP: 72/74 MP: 17/23
  2688 | D:8      | Reached skill level 4 in Dodging
  2757 | D:8      | Offered knowledge of Kiss of Death by Vehumet.
  2767 | D:8      | Reached skill level 5 in Dodging
  2938 | D:8      | Reached skill level 6 in Dodging
  2972 | D:9      | Noticed a kobold demonologist
  2980 | D:9      | Noticed a rust devil
  2985 | D:9      | Killed a kobold demonologist
  2986 | D:9      | Reached skill level 5 in Fighting
  2991 | D:9      | Reached skill level 7 in Dodging
  3050 | D:9      | Offered knowledge of Inner Flame by Vehumet.
  3096 | D:9      | Found a flagged portal.
  3107 | D:9      | Reached *** piety under Vehumet
  3117 | Bailey   | Entered a bailey
  3133 | Bailey   | Reached skill level 8 in Dodging
  3138 | Bailey   | Reached XP level 11. HP: 71/92 MP: 7/24
  3188 | Bailey   | Noticed a two-headed ogre
  3234 | Bailey   | Killed a two-headed ogre
  3235 | Bailey   | Reached skill level 9 in Dodging
  3434 | D:9      | Identified the +3 flail of Defenestration {protect, Fly rN+
                  | Int+2 Dex+3}
  3581 | D:10     | Entered Level 10 of the Dungeon
  3701 | D:10     | Offered knowledge of Volatile Blastmotes by Vehumet.
  3704 | D:10     | Noticed an orc sorcerer
  3712 | D:10     | Killed an orc sorcerer
  3713 | D:10     | Reached skill level 10 in Dodging
  3713 | D:10     | Found a staircase to the Orcish Mines.
  3715 | D:10     | Reached **** piety under Vehumet
  3808 | D:10     | Noticed a manticore
  3814 | D:10     | Noticed a boulder beetle
  3826 | Orc:1    | Entered Level 1 of the Orcish Mines
  3835 | Orc:1    | Noticed an orc knight
  3847 | Orc:1    | Offered knowledge of Ignite Poison by Vehumet.
  3848 | Orc:1    | Killed an orc knight
  3854 | Orc:1    | Reached skill level 11 in Dodging
  3863 | Orc:1    | HP: 3/148 [troll[an orc knight] (6)]
  3865 | Orc:1    | Slain by a troll

Illustrated notes

Levels and vault maps discovered:
D:1:      roderic_crossed_star, layout_basic, serial_bayou_ford_a
D:2:      wander_river, layout_basic, basic_altar
D:3:      layout_loops_ring, nicolae_ecumenical_pavilion,
          chequers_serial_rivers_room_b, saegor_snake_ambush
D:4:      layout_cave_pods, uniq_eustachio
D:5:      layout_loops_cross, minmay_temple_entry_waves
D:6:      minmay_skewed_foursquare, layout_basic, uniq_sigmund, uniq_grinder
D:7:      layout_loops_ring, serial_demonic, serial_demonic_d, serial_demonic_a,
          serial_demonic_c, serial_demonic_e, uniq_menkaure
D:8:      layout_basic, mainiacjoe_overflow_brackets, uniq_maggie
D:9:      layout_big_octagon, enter_bailey_5
D:10:     minmay_the_grid_four_pointed_star
          [minmay_the_grid_triangle_9x9_limited_checkers,
          minmay_the_grid_triangle_9x9_odd_lines,
          minmay_the_grid_triangle_9x9_zippers_vertical,
          minmay_the_grid_triangle_9x9_warning,
          minmay_the_grid_prize_trominoes], layout_stronghold,
          david_lair_shrubbed, zombieorc2_lemuel, serial_shops,
          kennysheep_mini_moat
Temple:   compressed_dpeg_triangle_lava_temple
Orc:1:    gammafunk_beogh_shrine, layout_caves, gammafunk_ghost_necromancy

Skill      XL: |  1  2  3  4  5  6  7  8  9 10 11 |
---------------+----------------------------------+-----
Conjurations   | 5 6 7 8 9 |  9.0
Spellcasting   | 3 4 5 7 8 |  8.0
Hexes          | 1 3 4 5 |  5.4
Shields        | 1 2 4 5 |  5.5
Translocations | 1 4 |  4.0
Fighting       | 2 7 9 |  9.7
Dodging        | 3 8 11 | 11.0
Stealth        | |  1.4

Action                     |  1- 3 |  4- 6 |  7- 9 | 10-12 || total
---------------------------+-------+-------+-------+-------++-------
  Melee: War axe           |       |     9 |     4 |       ||    13
         Trident           |       |       |    18 |    28 ||    46
         Unarmed           |       |       |       |     3 ||     3
   Cast: Magic Dart        |    47 |    44 |    18 |     6 ||   115
         Searing Ray       |       |    11 |    38 |    21 ||    70
         Fulminant Prism   |       |     1 |     1 |    14 ||    16
         Iskenderun's Myst |       |       |       |    62 ||    62
  Evoke: Wand              |       |       |     1 |     6 ||     7
    Use: Potion            |       |     1 |       |     2 ||     3
         Scroll            |       |       |     8 |     4 ||    12
 Armour: Robe              |       |     3 |    21 |     5 ||    29
         Skin              |       |       |       |     9 ||     9
  Dodge: Dodged            |     2 |    13 |   113 |   103 ||   231
  Block: Buckler           |       |       |    30 |    39 ||    69
